 Dungeon Crawl Stone Soup version 0.31-a0-844-gdc52ec4e09 (webtiles) character file.

Game seed: 8340681728104331786

1108 thriggle the Destabilizer (level 8, -2/58 HPs)
             Began as a Gnoll Wanderer on Sept 17, 2023.
             Was a Believer of Ashenzari.
             Killed by divine providence
             ... invoked by an orc priest
              (10 damage)
             ... on level 5 of the Dungeon on Sept 29, 2023.
             The game lasted 00:23:11 (4561 turns).

thriggle the Destabilizer (Gnoll Wanderer)          Turns: 4561, Time: 00:23:12

Health: -2/58      AC: 11    Str: 17    XL:     8   Next: 33%
Magic:  14/17      EV: 11    Int: 11    God:    Ashenzari [**....]
Gold:   87         SH:  0    Dex: 14    Spells: 13/19 levels left

rFire   . . .        q - +0 long sword
rCold   . . .        (no shield)
rNeg    . . .        p - +0 scale mail
rPois   .            b - +0 helmet "All-seeing Adversity" {Range, Elem} (curse)
rElec   .            (no cloak)
rCorr   .            (no gloves)
SInv    +            k - +2 pair of boots of the Tethered Gnosis {Stlth+, Cun, Fort} (curse)
Will    .....        (no amulet)
Stlth   +++          g - ring of Ashenzari's Annoyance {Str+5 SInv, Alch, Range} (curse)
HPRegen 0.29/turn    (no ring)
MPRegen 0.15/turn

%: no passive effects
@: no status effects
A: fangs 1, strong nose, distributed training
a: Renounce Religion, Curse Item, Shatter the Chains


You were on level 5 of the Dungeon.
You worshipped Ashenzari.
Ashenzari was pleased with you.
You visited 1 branch of the dungeon, and saw 5 of its levels.

You collected 220 gold pieces.
You spent 133 gold pieces at shops.

Inventory:

Hand Weapons
 q - a +0 long sword (weapon)
 v - a +1 dagger of electrocution
 z - a +0 spear of flaming
Missiles
 h - 39 stones
Armour
 b - the cursed +0 helmet "All-seeing Adversity" (worn) {Range, Elem}

   It has a curse which improves the following skills: Ranged Combat: Ranged
   Weapons and Throwing.
   Elements:  Fire Magic, Ice Magic, Air Magic and Earth Magic.
 d - a +0 robe
 e - a +0 plate armour
 k - the cursed +2 pair of boots of the Tethered Gnosis (worn) {Stlth+, Cun, Fort}
   (You found it on level 1 of the Dungeon)

   It has a curse which improves the following skills: Cunning: Dodging and
   Stealth.
   Fortitude: Armour and Shields.
 m - the +2 leather armour "Girchih" {rElec}
   (You bought it in a shop on level 4 of the Dungeon)

   rElec:     It insulates you from electricity.
 p - a +0 scale mail (worn)
Jewellery
 g - the cursed ring of Ashenzari's Annoyance (left hand) {Str+5 SInv, Alch, Range}
   (You acquired it on level 2 of the Dungeon)

   [ring of see invisible]

   Str+5:     It affects your strength (+5).
   SInv:      It lets you see invisible.
   It has a curse which improves the following skills: Alchemy: Poison Magic and
   Transmutations.
   Ranged Combat: Ranged Weapons and Throwing.
 t - a ring of poison resistance
 A - a ring of flight
Scrolls
 c - 3 scrolls of fog
 f - 2 scrolls of teleportation
 w - a scroll of brand weapon
 y - a scroll of immolation
 B - a scroll of fear
Potions
 i - 2 potions of heal wounds
 n - 3 potions of haste
 o - a potion of curing
 r - 2 potions of magic
 s - 2 potions of invisibility


   Skills:
 + Level 3.2 Fighting
 + Level 3.2 Short Blades
 + Level 5.6 Long Blades
 + Level 3.2 Axes
 + Level 3.2 Maces & Flails
 + Level 3.2 Polearms
 + Level 3.2 Staves
 + Level 3.2(4.7) Ranged Weapons
 + Level 3.2(4.7) Throwing
 + Level 4.2(5.3) Armour
 + Level 3.2(4.2) Dodging
 + Level 4.0(5.1) Stealth
 + Level 3.2(4.2) Shields
 + Level 3.2 Unarmed Combat
 + Level 6.0 Spellcasting
 + Level 2.6 Conjurations
 + Level 2.6 Hexes
 + Level 2.6 Summonings
 + Level 2.6 Necromancy
 + Level 2.6 Translocations
 + Level 7.6(8.8) Transmutations
 + Level 2.6(3.6) Fire Magic
 + Level 2.6(3.6) Ice Magic
 + Level 2.6(3.6) Air Magic
 + Level 2.6(3.6) Earth Magic
 + Level 2.6(3.6) Poison Magic
 + Level 3.5 Invocations
 + Level 3.2 Evocations
 + Level 2.9 Shapeshifting


You had 13 spell levels left.
You knew the following spells:

 Your Spells              Type           Power      Damage    Failure   Level
a - Sting                 Tmut/Pois      68%        1d6       4%          1
b - Passwall              Tmut/Erth      14%        N/A       7%          2
c - Ignite Poison         Fire/Tmut/Pois 15%        N/A       21%         3

Your spell library contained the following spells:

 Spells                   Type           Power      Damage    Failure   Level


Dungeon Overview and Level Annotations

Branches:
Dungeon (5/15)
 Temple: D:4-7

Altars:
Ashenzari
Vehumet

Shops:
D:4 [


Innate Abilities, Weirdness & Mutations

You have very sharp teeth.
Your uncanny sense of smell can sniff out nearby items.
Your experience applies equally to all skills.


Message History

Aim: an orc wizard, wielding a +0 dagger and wearing a +0 robe (67% to hit)
The sting hits the orc wizard.
The orc wizard is poisoned.
The orc wizard is lightly wounded.
The orc wizard hits you but does no damage.
You closely miss the orc wizard.
The orc wizard is lightly wounded.
The orc wizard misses you.
The orc priest looks encouraged for a moment.
The orc priest mumbles some strange prayers to Beogh against you.
Beogh smites you!
You slash the orc wizard!
The orc wizard is severely wounded.
The orc wizard completely misses you.
The orc wizard hits you with a +0 dagger.
* * * LOW HITPOINT WARNING * * *
You slash the orc wizard!
You kill the orc wizard!
You barely miss the orc. The orc misses you. The orc barely misses you.
You barely miss the orc.
The orc wizard mumbles some strange words.
The orc wizard flickers and vanishes for a moment.
The orc hits you but does no damage.
You barely miss the orc. You bite the orc.
The orc is lightly wounded.
The orc barely misses you.
You hit the orc.
You kill the orc!
The orc priest calls down the wrath of Beogh upon you.
Beogh smites you!
* * * LOW HITPOINT WARNING * * *
Casting: Sting (safe; 4% risk of failure)
Confirm with . or Enter, or press ? or * to list all spells.
Aiming: Sting (safe; 4% risk of failure)
Press: ? - help, Shift-Dir - straight line, f - orc priest
Aim: an orc priest, wielding a +0 dagger and wearing a +0 leather armour (74% to hit)
The sting hits the orc priest but does no damage.
The orc priest is poisoned.
The orc priest invokes the aid of Beogh against you.
Beogh smites you!
You die...

#....? #. #.#..... ..##.
#.)..... ##########......# #.^#
(.. #.....#.... ...##..###o.
#........# .....o....# #......#
####.........
#......#######.....#.....#
#........@)ooo............
#######.....######oo............
#..<........###..oo...†.........
#..........)....##...........†..
#...........######...........?..
#...........#### #..............
#......#.......# ##.............
#......#######.#####.....#.....#
######## #...##..###########


You could see 2 orc priests, 2 orc wizards and an orc.

Vanquished Creatures
  A wyvern (D:5)
  An ogre (D:5)
  A phantom (D:4)
  A bullfrog (D:4)
  2 scorpions
  2 hounds (D:4)
  A jelly (D:4)
  An orc priest (D:5)
  A gnoll bouda (D:3)
  2 iguanas (D:4)
  Terence (D:3)
  2 orc wizards (D:5)
  12 gnolls
  6 adders
  2 shadow imps (D:4)
  3 white imps (D:4)
  3 ufetubi
  2 dart slugs
  18 orcs
  8 ball pythons
  11 endoplasms
  5 giant cockroaches
  6 goblins
  4 hobgoblins
  8 jackals
  3 quokkas
  5 bats
  5 frilled lizards
  8 kobolds
  5 rats
130 creatures vanquished.

Notes
Turn   | Place    | Note
-------+----------+-------------------------------------------
     0 | D:1      | thriggle the Gnoll Wanderer began the quest for the Orb.
     0 | D:1      | thriggle set off with the following items: a +0 falchion, a
                  | +0 helmet, a scroll of fog, a +0 robe; and the following
                  | spell memorised: Sting; and the following spells available
                  | to memorise: Passwall, Ignite Poison.
     0 | D:1      | Reached XP level 1. HP: 13/13 MP: 6/6
   119 | D:1      | Reached XP level 2. HP: 18/19 MP: 7/7
   347 | D:1      | Found a faded altar of an unknown god.
   368 | D:1      | Prayed at the altar of an unknown god.
   368 | D:1      | Became a worshipper of Ashenzari the Shackled
   548 | D:2      | Reached XP level 3. HP: 25/25 MP: 9/9
   556 | D:2      | Reached skill level 5 in Spellcasting
   599 | D:2      | Identified a scroll of acquirement
   599 | D:2      | Acquired the ring "Wungon" {Str+5 SInv}
   776 | D:2      | Reached skill level 1 in Invocations
  1296 | D:2      | Reached skill level 1 in Fighting
  1296 | D:2      | Reached skill level 1 in Short Blades
  1296 | D:2      | Reached skill level 1 in Axes
  1296 | D:2      | Reached skill level 1 in Maces & Flails
  1296 | D:2      | Reached skill level 1 in Polearms
  1296 | D:2      | Reached skill level 1 in Staves
  1296 | D:2      | Reached skill level 1 in Ranged Weapons
  1296 | D:2      | Reached skill level 1 in Throwing
  1296 | D:2      | Reached skill level 1 in Dodging
  1296 | D:2      | Reached skill level 1 in Shields
  1296 | D:2      | Reached skill level 1 in Unarmed Combat
  1296 | D:2      | Reached skill level 1 in Evocations
  1427 | D:3      | Found a radiant altar of Vehumet.
  1438 | D:3      | Upgraded the game from 0.31-a0-774-g0d66cbabe8 to
                  | 0.31-a0-844-gdc52ec4e09
  1475 | D:3      | Noticed Terence
  1490 | D:3      | Killed Terence
  1491 | D:3      | Reached skill level 1 in Shapeshifting
  1491 | D:3      | Reached XP level 4. HP: 32/32 MP: 4/11
  1501 | D:3      | Reached skill level 1 in Conjurations
  1501 | D:3      | Reached skill level 1 in Hexes
  1501 | D:3      | Reached skill level 1 in Summonings
  1501 | D:3      | Reached skill level 1 in Necromancy
  1501 | D:3      | Reached skill level 1 in Translocations
  1501 | D:3      | Reached skill level 1 in Fire Magic
  1501 | D:3      | Reached skill level 1 in Ice Magic
  1501 | D:3      | Reached skill level 1 in Air Magic
  1501 | D:3      | Reached skill level 1 in Earth Magic
  1501 | D:3      | Reached skill level 1 in Poison Magic
  1740 | D:3      | Reached XP level 5. HP: 37/37 MP: 6/12
  2005 | D:3      | Reached * piety under Ashenzari
  2232 | D:3      | Reached XP level 6. HP: 35/44 MP: 9/13
  2479 | D:3      | Learned a level 2 spell: Passwall
  2501 | D:4      | Reached skill level 5 in Long Blades
  2668 | D:4      | Reached XP level 7. HP: 33/51 MP: 15/15
  2836 | D:4      | Learned a level 3 spell: Ignite Poison
  3064 | D:4      | Found Konumpao's Antique Armour Shop.
  3192 | D:4      | Bought a fading leather armour for 133 gold pieces
  3192 | D:4      | Identified the +2 leather armour "Girchih" {rElec} (You
                  | bought it in a shop on level 4 of the Dungeon)
  3313 | D:4      | Reached ** piety under Ashenzari
  4314 | D:5      | Entered Level 5 of the Dungeon
  4335 | D:5      | Noticed a wyvern
  4343 | D:5      | Killed a wyvern
  4344 | D:5      | Reached XP level 8. HP: 26/57 MP: 5/16
  4515 | D:5      | Identified the +2 helmet "Tibezo" {Str+3}
  4561 | D:5      | Killed from afar by an orc priest

Illustrated notes

Levels and vault maps discovered:
D:1:      amcnicky_arrival_blooded_trapdoor, layout_basic,
          shapermc_ecumenical_altar_notcrosses
D:2:      layout_loops_ring, serial_glass, glass_columns_a, glass_columns_b,
          minmay_tall_x
D:3:      layout_loops_cross, nicolae_vehumet_altar_sigil,
          nicolae_grassy_gnolls, uniq_terence
D:4:      layout_layer_cave, serial_shops, shop, serial_demonic,
          serial_demonic_f, serial_demonic_a, serial_demonic_a,
          serial_demonic_b, grunt_ministairs_13, minmay_misc_feat_doors,
          minmay_fractal_squares_5
D:5:      layout_rooms, serial_shops, nicolae_shop_drivethru

Skill      XL: |  1  2  3  4  5  6  7  8 |
---------------+-------------------------+-----
Spellcasting   | 5 6 |  6.0
Invocations    | 1 2 3 |  3.5
Fighting       | 1 2 3 |  3.2
Short Blades   | 1 2 3 |  3.2
Axes           | 1 2 3 |  3.2
Maces & Flails | 1 2 3 |  3.2
Polearms       | 1 2 3 |  3.2
Staves         | 1 2 3 |  3.2
Ranged Weapons | 1 2 3 |  3.2
Throwing       | 1 2 3 |  3.2
Dodging        | 1 2 3 |  3.2
Shields        | 1 2 3 |  3.2
Unarmed Combat | 1 2 3 |  3.2
Evocations     | 1 2 3 |  3.2
Shapeshifting  | 1 2 |  2.9
Conjurations   | 1 2 |  2.6
Hexes          | 1 2 |  2.6
Summonings     | 1 2 |  2.6
Necromancy     | 1 2 |  2.6
Translocations | 1 2 |  2.6
Fire Magic     | 1 2 |  2.6
Ice Magic      | 1 2 |  2.6
Air Magic      | 1 2 |  2.6
Earth Magic    | 1 2 |  2.6
Poison Magic   | 1 2 |  2.6
Armour         | 3 4 |  4.2
Stealth        | 3 4 |  4.0
Long Blades    | 5 |  5.6
Transmutations | |  7.6

Action                     |  1- 3 |  4- 6 |  7- 9 || total
---------------------------+-------+-------+-------++-------
  Melee: Falchion          |   118 |       |       ||   118
         Bite              |     9 |    12 |    10 ||    31
         Long sword        |    28 |   101 |   106 ||   235
         Punch             |       |     1 |     4 ||     5
  Throw: Stone             |    13 |     2 |       ||    15
         Dart              |       |    13 |    32 ||    45
   Cast: Sting             |     6 |    42 |    36 ||    84
         Ignite Poison     |       |       |     7 ||     7
 Invoke: Curse Item        |     1 |     1 |     1 ||     3
    Use: Scroll            |     8 |     2 |     2 ||    12
         Potion            |       |       |     1 ||     1
   Stab: Sleeping          |       |       |     2 ||     2
 Armour: Plate armour      |   147 |       |       ||   147
         Scale mail        |    25 |    94 |   140 ||   259
  Dodge: Dodged            |    21 |    47 |    92 ||   160

Table legend: (Time is in decaauts)
 A = Elapsed time spent in this place.
 B = Non-inter-level travel time spent in this place.
 C = Inter-level travel time spent in this place.
 D = Time resting spent in this place.
 E = Time spent auto-exploring this place.
 F = Levels seen in this place.
 G = Mean time per level.
                   A        B        C        D        E       F      G
               +--------+--------+--------+--------+--------+-----+--------+
         Total |   4596 |   4488 |    108 |    367 |   2665 |   5 |  919.2 |
       Dungeon |   4596 |   4488 |    108 |    367 |   2665 |   5 |  919.2 |
               +--------+--------+--------+--------+--------+-----+--------+

Top non-repeatable levels by time:
     D:4: 1915 daAuts
     D:3: 1087 daAuts
     D:2: 869 daAuts
     D:1: 547 daAuts
     D:5: 177 daAuts
